 Dungeon Crawl Stone Soup version 0.22-a0-247-gbddf880 (webtiles) character file.

1262 MatthieuS the Vandal (level 8, -1/54 HPs)
             Began as a Halfling Arcane Marksman on Feb 25, 2018.
             Was a Follower of Ashenzari.
             Slain by an iguana (11 damage)
             ... on level 5 of the Dungeon.
             The game lasted 00:15:18 (4361 turns).

MatthieuS the Vandal (Halfling Arcane Marksman)     Turns: 4361, Time: 00:15:19

Health: -1/54      AC:  7    Str: 16    XL:     8   Next: 81%
Magic:  13/13      EV: 16    Int: 15    God:    Ashenzari [*.....]
Gold:   175        SH:  0    Dex: 17    Spells: 12/13 levels left

rFire    . . .     SeeInvis .   a - +1 dagger (elec)
rCold    . . .     Gourm    .   (shield restricted)
rNeg     . . .     Faith    .   y - +0 ring mail
rPois    .         Spirit   .   (no helmet)
rElec    .         Reflect  .   (no cloak)
rCorr    .         Harm     .   u - +0 pair of gloves
MR       +....                  j - +0 pair of boots
Stlth    +.........             (no amulet)
HPRegen  0.18/turn              n - ring of protection from magic
MPRegen  0.13/turn              t - +4 ring of intelligence

@: mighty
A: small, mutation resistance 1
a: Curse Item, Scrying, Renounce Religion


You were on level 5 of the Dungeon.
You worshipped Ashenzari.
Ashenzari was aware of your devotion.
You were not hungry.

You visited 1 branch of the dungeon, and saw 5 of its levels.

You collected 175 gold pieces.

Inventory:

Hand Weapons
 a - a +1 dagger of electrocution (weapon)
 w - a +2 hunting sling
Missiles
 m - 134 stones (quivered)
 q - 11 sling bullets
Armour
 e - a +0 robe
 j - a +0 pair of boots (worn)
 u - a +0 pair of gloves (worn)
 y - a +0 ring mail (worn)
Jewellery
 d - a +3 ring of strength
 n - a ring of protection from magic (left hand)
 t - a +4 ring of intelligence (right hand)
 x - an uncursed ring of flight
Scrolls
 b - 2 scrolls of magic mapping
 h - 5 scrolls of remove curse
 k - 2 scrolls of fog
 l - a scroll of immolation {unknown}
 o - a scroll of teleportation
Potions
 f - a potion of mutation {unknown}
 i - a potion of degeneration
 p - a potion of ambrosia {unknown}
 r - a potion of curing
 z - a potion of haste
Comestibles
 c - 7 rations


   Skills:
 + Level 4.0 Fighting
 + Level 7.1 Slings
 + Level 5.3 Dodging
 + Level 3.4 Spellcasting
 + Level 4.4 Hexes


You had 12 spell levels left.
You knew the following spells:

 Your Spells              Type           Power        Failure   Level  Hunger
a - Corona                Hex            ###....      6%          1    None


Dungeon Overview and Level Annotations

Branches:
Dungeon (5/15)
 Temple: D:4-7

Altars:
Ashenzari
Nemelex Xobeh
Trog
Vehumet

Annotations:
D:4 Caerwyn's ghost, amateur GnWn
D:5 ultrashaft's ghost, novice MfIE


Innate Abilities, Weirdness & Mutations

You are small and have problems with some larger weapons.
You are somewhat resistant to further mutation.


Message History

Ultrashaft's ghost hits you but does no damage.
The iguana barely misses you.
You hit ultrashaft's ghost.
Lightning courses through ultrashaft's ghost!
Ultrashaft's ghost is heavily damaged.
Ultrashaft's ghost barely misses you. The iguana barely misses you.
You puncture ultrashaft's ghost!
Lightning courses through ultrashaft's ghost!
Ultrashaft's ghost is severely damaged.
Ultrashaft's ghost casts a spell at you.
The puff of frost hits you!
* * * LOW HITPOINT WARNING * * *
The iguana misses you.
You barely miss ultrashaft's ghost.
Ultrashaft's ghost is severely damaged.
Ultrashaft's ghost points at you and mumbles some strange words.
You are frozen.
* * * LOW HITPOINT WARNING * * *
The iguana bites you!
You die...

#.# ..#..
## #.###
## #.#..
.# #.(.#
#. #....
.##...##.
##.##
.#...#.
#..#
'...(
#...
#..(#
#...
#.Wl#
#.#.
#.@.#
#.#.
#...# #
#. #...#
#.#.
#...#
#.##
#...# ...
+...+ #.
#...# #.
#...# ##
#...#


You could see an iguana and ultrashaft's ghost.

Vanquished Creatures
  Pikel (D:4)
  Grinder (D:3)
  Sigmund (D:4)
  A scorpion (D:4)
  A howler monkey (D:4)
  A jelly (D:5)
  2 orc wizards (D:4)
  An iguana (D:4)
  5 worker ants
  3 adders
  2 oozes (D:3)
  An adder skeleton (D:4)
  3 worms
  4 dart slugs
  4 leopard geckos
  8 orcs
  3 giant cockroaches
  5 goblins
  2 hobgoblins
  8 kobolds
  A quokka (D:4)
  2 ball pythons (D:3)
  6 bats
  5 frilled lizards
  9 rats
80 creatures vanquished.

Vanquished Creatures (others)
  A slave (D:4)
1 creature vanquished.

Grand Total: 81 creatures vanquished

Notes
Turn   | Place    | Note
-------+----------+-------------------------------------------
     0 | D:1      | MatthieuS the Halfling Arcane Marksman began the quest for the Orb.
     0 | D:1      | Reached XP level 1. HP: 12/12 MP: 2/2
    11 | D:1      | Reached skill level 1 in Fighting
    22 | D:1      | Reached XP level 2. HP: 18/18 MP: 3/3
   364 | D:1      | Found a shattered altar of Ashenzari.
   376 | D:1      | Became a worshipper of Ashenzari the Shackled
  1117 | D:2      | Reached XP level 3. HP: 20/23 MP: 4/4
  1628 | D:2      | Found a bloodstained altar of Trog.
  2096 | D:3      | Reached XP level 4. HP: 26/28 MP: 6/6
  2324 | D:3      | Reached * piety under Ashenzari
  2385 | D:3      | Reached skill level 4 in Slings
  2412 | D:3      | Noticed Grinder
  2413 | D:3      | Paralysed by Grinder for 2 turns
  2453 | D:3      | Killed Grinder
  2453 | D:3      | Reached XP level 5. HP: 17/35 MP: 6/8
  2453 | D:3      | Reached XP level 6. HP: 20/41 MP: 6/9
  3119 | D:4      | Reached skill level 5 in Slings
  3149 | D:4      | Reached XP level 7. HP: 18/45 MP: 10/10
  3510 | D:4      | Found a radiant altar of Vehumet.
  3570 | D:4      | Noticed Pikel
  3684 | D:4      | Noticed Sigmund
  3703 | D:4      | Killed Sigmund
  3732 | D:4      | Noticed Caerwyn's ghost (amateur GnWn)
  3753 | D:4      | Reached skill level 6 in Slings
  3760 | D:4      | Reached XP level 8. HP: 28/52 MP: 12/12
  3806 | D:4      | Found a sparkling altar of Nemelex Xobeh.
  3862 | D:4      | Killed Pikel
  3862 | D:4      | Reached skill level 5 in Dodging
  4097 | D:5      | Entered Level 5 of the Dungeon
  4104 | D:5      | Reached skill level 7 in Slings
  4165 | D:5      | Found a sparkling altar of Nemelex Xobeh.
  4348 | D:5      | Noticed ultrashaft's ghost (novice MfIE)
  4361 | D:5      | Slain by an iguana

Vault maps used:
D:1:      dpeg_arrival_windows_large_door, evilmike_ruin_ashenzari
D:2:      marbit_many_paths
D:3:      minmay_wonky_spiral, serial_bayou_pond_d, uniq_grinder
D:4:      nemelex_xobeh_ov_fountains_minmay, fiery_altar_vehumet,
          minmay_stone_trees_small, ldierk_geyser, amethyst_killhole,
          uniq_pikel, uniq_sigmund
D:5:      kennysheep_six_static_rooms, kennysheep_mini,
          minmay_temple_entry_nine_rooms, first_ration, minmay_fountain_box,
          nemelex_spade_bored_becter

Skill      XL: |  1  2  3  4  5  6  7  8 |
---------------+-------------------------+-----
Fighting       | 1 2 3 4 |  4.0
Slings         | 4 5 6 7 |  7.1
Dodging        | 3 4 5 |  5.3
Spellcasting   | 2 3 |  3.4
Hexes          | 3 4 |  4.4

Action                   |  1- 3 |  4- 6 |  7- 9 || total
-------------------------+-------+-------+-------++-------
Melee: Dagger            |     2 |    25 |    77 ||   104
 Fire: Hunting sling     |    98 |   102 |    52 ||   252
  Use: Potion            |       |     6 |     4 ||    10
       Scroll            |       |     7 |     4 ||    11
 Stab: Invisible         |       |       |     2 ||     2
  Eat: Chunk             |     3 |     3 |     4 ||    10
Armor: Robe              |     3 |       |       ||     3
       Ring mail         |       |    24 |    18 ||    42
Dodge: Dodged            |    15 |    55 |    56 ||   126

Table legend:
 A = Spawn XP
 B = Non-spawn XP
 C = Spawn XP percentage of total XP
 D = Spawn monster count
 E = Non-spawn monster count
 F = Spawn count percentage of total count
 G = Total turns spent on level
                    A         B        C        D         E        F      G
               +---------+---------+-------+---------+---------+-------+---------
         Total |       0 |    1803 |   0.0 |       0 |      80 |   0.0 |  4361
               +---------+---------+-------+---------+---------+-------+---------
           D:1 |       0 |      24 |   0.0 |       0 |      14 |   0.0 |  1020
           D:2 |       0 |      25 |   0.0 |       0 |      11 |   0.0 |  1019
           D:3 |       0 |     377 |   0.0 |       0 |      28 |   0.0 |  1071
           D:4 |       0 |    1269 |   0.0 |       0 |      24 |   0.0 |   987
           D:5 |       0 |     108 |   0.0 |       0 |       3 |   0.0 |   264
               +---------+---------+-------+---------+---------+-------+---------
